AoeStats
← Yaumy

Arabia

508019690Analyzed
2v2 RM · 13d ago on Sep 20, 2026· 33m 22s· 4 players
Game mode
Random Map
Map size
Medium (4 player)
Population
200
Speed
Normal
Resources
Standard
Victory
Conquest
Starting age
Dark Age
Ending age
Imperial Age
RankedLock teamsTeams togetherTeam positionsShared explorationLock speedFull tech treeHidden civsTurbo modeCheats
Victory
Defeat
🇫🇷 Maya · France
1529
+9
🇫🇷 Persians · France
1529
+9
🇨🇦 Mongols · Canada
1409
-10
🇲🇽 Spanish · Mexico
1328
-8
Empire du Nord
7:46 Loom
9:34 Feudal Age
9:04 Loom
13:47 Castle Age
13:12 Scale Barding Armor
13:07 Double-Bit Axe
14:44 Scale Barding Armor
19:55 Forging
19:46 Husbandry
22:35 Chain Barding Armor
23:32 Bloodlines
24:30 Coinage
24:14 Bow Saw
23:47 Horse Collar
31:21 Iron Casting
luislm6621
7:50 Loom
10:18 Feudal Age
14:44 Castle Age
18:02 Town Watch
26:17 Double-Bit Axe
31:25 Fletching
WILLIAM WILTZ
5:29 Loom
8:23 Feudal Age
8:56 Double-Bit Axe
10:01 Horse Collar
18:27 Castle Age
18:26 Gold Mining
18:44 Fletching
19:46 Bodkin Arrow
27:44 Wheelbarrow
28:24 Bloodlines
30:59 Scale Barding Armor
32:16 Forging
33:11 Husbandry
Yaumy
0:29 Loom
9:37 Feudal Age
10:25 Double-Bit Axe
13:55 Horse Collar
18:01 Wheelbarrow
20:57 Castle Age
19:24 Fletching
19:38 Gold Mining
20:30 Padded Archer Armor
21:42 Bodkin Arrow
21:12 Crossbowman
22:37 Leather Archer Armor
23:08 Ballistics
23:59 Bow Saw
24:41 Heavy Plow
26:12 Town Watch
26:56 Stone Mining
29:43 Thumb Ring
32:24 Hand Cart
Connection lost

Rejoining the realm…

Still unreachable

The connection could not be restored.

Session expired

The server has moved on; the page needs a fresh start.